 Dungeon Crawl Stone Soup version 0.31-a0-162-gc4c5a43528 (webtiles) character file.

Game seed: 5305497142750380232

526 qw the Shooter (level 7, 0/43 HPs)
             Began as a Gargoyle Hunter on June 12, 2023.
             Was a Follower of Okawaru.
             Slain by a gnoll
             ... wielding a +0 flail
              (10 damage)
             ... on level 5 of the Dungeon.
             The game lasted 00:01:14 (3078 turns).

qw the Shooter (Gargoyle Hunter)                    Turns: 3078, Time: 00:01:15

Health: 0/43       AC: 14    Str: 14    XL:     7   Next: 23%
Magic:  4/8        EV: 13    Int: 10    God:    Okawaru [*.....]
Gold:   177        SH:  0    Dex: 15    Spells: 6/6 levels left

rFire   . . .        k - +2 orcbow (flame)
rCold   . . .        (shield currently unavailable)
rNeg    + . .        b - +0 ring mail
rPois   inf          (no helmet)
rElec   +            (no cloak)
rCorr   .            j - +0 pair of gloves
SInv    .            c - +0 pair of boots
Will    .....        (no amulet)
Stlth   +++          (no ring)
HPRegen 0.27/turn    (no ring)
MPRegen 0.11/turn

%: no passive effects
@: heroic
A: sickness immunity, AC +4, negative energy resistance 1, electricity
resistance, torment resistance 1, petrification resistance
a: Renounce Religion, Heroism


You were on level 5 of the Dungeon.
You worshipped Okawaru.
Okawaru was aware of your devotion.
You visited 2 branches of the dungeon, and saw 6 of its levels.

You collected 177 gold pieces.


Innate Abilities, Weirdness & Mutations

You are immune to sickness and miasma.
Your stone body is resilient. (AC +4)
You are immune to poison.
You resist negative energy. (rN+)
You are resistant to electric shocks. (rElec)
You are resistant to unholy torment.
You are immune to petrification.


   Skills:
 - Level 4.2(9.2) Fighting
 + Level 7.0(12.0) Ranged Weapons
 - Level 2.0(7.0) Armour
 - Level 1.5(6.5) Dodging
 - Level 1.1(6.1) Stealth
 + Level 2.3 Invocations


You had 6 spell levels left.
You didn't know any spells.
Your spell library was empty.

Inventory:

Hand Weapons
 k - a +2 orcbow of flaming (weapon)
Armour
 b - a +0 ring mail (worn)
 c - a +0 pair of boots (worn)
 j - a +0 pair of gloves (worn)
Scrolls
 a - a scroll of identify
 m - a scroll of amnesia {unknown}
 n - a scroll of teleportation {unknown}
Potions
 d - a potion of attraction {unknown}
 e - 4 potions of curing
 f - a potion of experience {unknown}
 g - a potion of haste {unknown}
 h - 2 potions of heal wounds {unknown}
 i - a potion of resistance {unknown}
 l - a potion of lignification {unknown}

Dungeon Overview and Level Annotations

Branches:
Dungeon (5/15)             Temple (1/1) D:4

Altars:
Ashenzari
Fedhas
Gozag
Hepliaklqana
Kikubaaqudgha
Okawaru
Trog
Uskayaw
Vehumet
Zin


Message History

The orc priest calls down the wrath of Beogh upon you.
Beogh smites you!
You shoot an arrow. The arrow hits the orc priest.
The arrow burns the orc priest.
The orc priest is severely wounded.
The gnoll closely misses you.
The orc priest calls down the wrath of Beogh upon you.
Pain shoots through your body!
You shoot an arrow. The arrow hits the orc priest!
The arrow burns the orc priest.
You kill the orc priest!
Okawaru accepts your kill. The gnoll hits you but does no damage.
You shoot an arrow. The arrow hits the gnoll!!
The arrow burns the gnoll.
You kill the gnoll!
Okawaru accepts your kill. The orc closely misses you.
A gnoll comes into view. It is wielding a +0 flail.
You shoot an arrow. The gnoll shouts!
The arrow hits the orc!
The arrow burns the orc.
You kill the orc!
Okawaru accepts your kill.
You hear a bark!
The jackal barely misses you.
You shoot an arrow. The arrow hits the jackal!
The arrow burns the jackal.
You kill the jackal!
Okawaru accepts your kill.
A centaur comes into view.
You shoot an arrow. The arrow hits the orc!
The arrow burns the orc.
You kill the orc!
Okawaru accepts your kill.
A jackal comes into view.
Your base Armour skill increases to level 2!
You shoot an arrow. The jackal barks!
The arrow hits the gnoll.
The arrow burns the gnoll.
The gnoll is lightly wounded.
The gnoll hits you with a +0 flail!
You die... ..>. .h# ... ... # ##.## .# cl.

o. #g# .#.##
#######@##.o....
#.......)).#
###.#####.####
........%.#
###.####..#
######..#####.#
#.............#
'....##.#######
'..8. #.#


You could see a centaur, an iguana, a gnoll and a jackal.

Vanquished Creatures
  An ogre (D:5)
  A phantom (D:4)
  A scorpion (D:5)
  3 orc priests (D:5)
  A hound (D:5)
  2 gnolls (D:5)
  8 adders
  2 white imps
  A dart slug (D:2)
  A worm (D:2)
  8 orcs
  5 endoplasms
  4 giant cockroaches
  3 goblins
  7 hobgoblins
  9 jackals
  A quokka (D:2)
  7 ball pythons
  4 bats
  4 frilled lizards (D:2)
  6 kobolds
  7 rats
86 creatures vanquished.

Notes
Turn   | Place    | Note
-------+----------+-------------------------------------------
     0 | D:1      | qw the Gargoyle Hunter began the quest for the Orb.
     0 | D:1      | Reached XP level 1. HP: 12/12 MP: 1/1
     0 | D:1      | 0 ||| qw: Version: 0.2-a-29-gc1b59c4
     0 | D:1      | 0 ||| qw: Game counter: 4338
     0 | D:1      | 0 ||| qw: Always use a shield: true
     0 | D:1      | 0 ||| qw: God list: Okawaru
     0 | D:1      | 0 ||| qw: Allow faded altars: false
     0 | D:1      | 0 ||| qw: Do Orc after D:15 true
     0 | D:1      | 0 ||| qw: Do second Lair branch before Depths: true
     0 | D:1      | 0 ||| qw: Lair rune preference: random
     0 | D:1      | 0 ||| qw: Plans: Normal, Zot:1-4, Slime:5, God:TSO, Crypt,
                  | Tomb, Abyss, Pan, Hells, Win
     0 | D:1      | 0 ||| PLANNING D:1-11
   154 | D:1      | Reached XP level 2. HP: 17/17 MP: 2/2
   704 | D:1      | 704 ||| READING scroll labelled RUQIOTS QIQIV.
   705 | D:1      | 705 ||| DROPPING scroll of butterflies.
   747 | D:2      | Reached XP level 3. HP: 21/21 MP: 3/3
   805 | D:2      | Found a faded altar of an unknown god.
   812 | D:2      | Reached skill level 5 in Ranged Weapons
  1055 | D:2      | Reached skill level 3 in Fighting
  1055 | D:2      | Reached XP level 4. HP: 28/28 MP: 4/4
  1543 | D:2      | 1543 ||| UPGRADING to +0 ring mail.
  1553 | D:2      | 1553 ||| DROPPING +0 leather armour.
  1795 | D:3      | Reached skill level 1 in Armour
  1963 | D:3      | 1963 ||| UPGRADING to +0 pair of boots.
  1968 | D:3      | 1968 ||| DROPPING ring of wizardry.
  1969 | D:3      | 1969 ||| READING scroll labelled IQUHIT ZACA.
  1970 | D:3      | 1970 ||| READING scroll labelled BADUNW BAUBIXT.
  1971 | D:3      | 1971 ||| DRINKING 2 glowing coppery potions.
  2080 | D:4      | Found a staircase to the Ecumenical Temple.
  2081 | D:4      | 2081 ||| PLANNING TEMPLE
  2081 | D:4      | 2081 ||| DROPPING ring of flight.
  2090 | Temple   | Entered the Ecumenical Temple
  2119 | Temple   | 2119 ||| PLANNING OKAWARU WORSHIP
  2209 | Temple   | Became a worshipper of Warmaster Okawaru
  2209 | Temple   | 2209 ||| PLANNING D:1-11
  2349 | D:4      | Noticed a phantom
  2371 | D:4      | Killed a phantom
  2372 | D:4      | Reached skill level 6 in Ranged Weapons
  2372 | D:4      | Reached XP level 5. HP: 28/32 MP: 5/5
  2645 | D:4      | 2645 ||| UPGRADING to +0 pair of gloves.
  2650 | D:4      | 2650 ||| READING scroll labelled OWALAS REOPRI.
  2650 | D:4      | Identified a scroll of acquirement
  2650 | D:4      | 2650 ||| ACQUIRING +2 orcbow of flaming
  2650 | D:4      | Acquired a +2 orcbow of flaming
  2652 | D:4      | 2652 ||| SWAPPING to +2 orcbow of flaming.
  2653 | D:4      | 2653 ||| DROPPING +0 shortbow.
  2668 | D:5      | Entered Level 5 of the Dungeon
  2676 | D:5      | Reached * piety under Okawaru
  2677 | D:5      | Reached XP level 6. HP: 38/38 MP: 6/6
  2684 | D:5      | 2684 ||| STAIRDANCE
  2689 | D:4      | 2689 ||| INVOKING Heroism.
  2904 | D:5      | Reached skill level 1 in Invocations
  2904 | D:5      | Found an opulent altar of Gozag.
  2908 | D:5      | Found a broken altar of Ashenzari.
  2911 | D:5      | Found a radiant altar of Vehumet.
  3052 | D:5      | 3052 ||| INVOKING Heroism.
  3053 | D:5      | 3053 ||| INVOKING Heroism.
  3062 | D:5      | Reached skill level 7 in Ranged Weapons
  3062 | D:5      | Reached XP level 7. HP: 33/43 MP: 4/8
  3064 | D:5      | 3064 ||| Stepping ~*~*~tactically~*~*~ (outnumbered).
  3066 | D:5      | 3066 ||| INVOKING Heroism.
  3072 | D:5      | HP: 8/43 [orc priest/nerve-wracking pain (4)]
  3078 | D:5      | Slain by a gnoll

Levels and vault maps discovered:
D:1:      noname_arrival_rooms_in_the_neighbourhood, layout_basic
D:2:      layout_basic, chequers_ecumenical_altar_twisty
D:3:      layout_rooms, chequers_serial_rivers_micro_b
D:4:      layout_rooms, minmay_temple_entry_tees
D:5:      layout_basic, mainiacjoe_overflow_tiny_flanked,
          minmay_overflow_temple_star_quad, slow_altar_2
Temple:   nicolae_temple_superstar

Skill      XL: |  1  2  3  4  5  6  7 |
---------------+----------------------+-----
Ranged Weapons | 5 6 7 |  7.0
Fighting       | 3 4 |  4.2
Armour         | 1 2 |  2.0
Invocations    | 1 2 |  2.3
Dodging        | |  1.5
Stealth        | |  1.1

Action                     |  1- 3 |  4- 6 |  7- 9 || total
---------------------------+-------+-------+-------++-------
   Fire: Shortbow          |   102 |   116 |       ||   218
         Orcbow            |       |    50 |    15 ||    65
 Invoke: Heroism           |       |     2 |     1 ||     3
    Use: Scroll            |     1 |     3 |       ||     4
         Potion            |       |     1 |       ||     1
 Armour: Leather armour    |    27 |     2 |       ||    29
         Ring mail         |       |    49 |     2 ||    51
  Dodge: Dodged            |    38 |    41 |     6 ||    85

Table legend:
 A = Non-vault XP
 B = Vault XP
 C = Vault XP percentage of total XP
 D = Non-vault monster count
 E = Vault monster count
 F = Vault count percentage of total count
                 A         B        C        D         E       F
            +---------+---------+-------+---------+---------+-------
      Total |     752 |       0 |   0.0 |      86 |       0 |   0.0
            +---------+---------+-------+---------+---------+-------
        D:1 |      28 |       0 |   0.0 |      16 |       0 |   0.0
        D:2 |      76 |       0 |   0.0 |      24 |       0 |   0.0
        D:3 |      19 |       0 |   0.0 |      12 |       0 |   0.0
        D:4 |     189 |       0 |   0.0 |      15 |       0 |   0.0
        D:5 |     440 |       0 |   0.0 |      19 |       0 |   0.0
            +---------+---------+-------+---------+---------+-------
